 Dungeon Crawl Stone Soup version 0.17-a0-2208-ge5ab1d3 (webtiles) character file.

1767 septik the Cruncher (level 8, 0/62 HPs)
             Began as a Minotaur Gladiator on Oct 26, 2015.
             Was an Initiate of Okawaru.
             Succumbed to an orc wizard's poison
             ... on level 6 of the Dungeon.
             The game lasted 00:16:42 (5196 turns).

septik the Cruncher (Minotaur Gladiator)            Turns: 5196, Time: 00:16:42

Health: 0/62       AC: 12    Str: 20    XL:     8   Next: 80%
Magic:  5/7        EV:  7    Int:  5    God:    Okawaru [......]
Gold:   300        SH:  0    Dex: 13    Spells: 0 memorised, 7 levels left

rFire  + . .     SeeInvis .     v - +2 whip (freeze)
rCold  . . .     Clarity  .     x - +0 plate armour {rF+}
rNeg   . . .     SustAt   .     (no shield)
rPois  .         Gourm    .     c - +0 hat
rElec  .         Spirit   +     (no cloak)
rCorr  .         Warding  .     g - +0 pair of gloves
rMut   .         Stasis   .     l - +0 pair of boots
MR     .....                    t - amulet of guardian spirit
Stlth  ..........               r - ring of wizardry
                                (no ring)

@: lethally poisoned (0 -> -53), not resistant to hostile enchantments,
extremely unstealthy
A: retaliatory headbutt, horns 2
a: Renounce Religion


You were on level 6 of the Dungeon.
You worshipped Okawaru.
Okawaru was noncommittal.
You were hungry.

You visited 2 branches of the dungeon, and saw 7 of its levels.

You collected 300 gold pieces.

Inventory:

Hand Weapons
 a - a +1 quarterstaff
 o - a +0 whip
 v - a +2 whip of freezing (weapon)
Missiles
 d - 2 throwing nets (quivered)
 k - 143 stones
 s - 7 tomahawks
Armour
 b - a +0 leather armour
 c - a +0 hat (worn)
 g - a +0 pair of gloves (worn)
 l - a +0 pair of boots (worn)
 n - a +0 ring mail
 q - a shadow dragon hide
 x - a +0 plate armour of fire resistance (worn)
Jewellery
 i - an uncursed ring of loudness
 r - a ring of wizardry (right hand)
 t - an amulet of guardian spirit (around neck)
Wands
 D - a wand of lightning (7)
 F - a wand of cold (5)
Scrolls
 f - 2 scrolls of magic mapping
 w - a scroll of fear
 y - a scroll of remove curse
 C - 2 scrolls of teleportation
 I - a scroll of recharging {unknown}
Potions
 h - a potion of haste {unknown}
 j - 5 potions of curing
 E - a potion of berserk rage {unknown}
 H - a potion of beneficial mutation {unknown}
Books
 p - a book of Debilitation

   Spells                             Type                      Level
   a - Corona                         Hexes                        1
   b - Slow                           Hexes                        2
   c - Gell's Gravitas                Hexes/Translocation          3
   d - Inner Flame                    Hexes/Fire                   3
   e - Cause Fear                     Hexes                        4
   f - Leda's Liquefaction            Hexes/Earth                  4
Comestibles
 e - 4 bread rations
 m - a meat ration
 u - a slice of pizza
 z - a royal jelly
 A - 5 chunks of flesh
 B - a beef jerky
 G - 4 fruits


   Skills:
 - Level 2.5 Fighting
 - Level 1.2(8.7) Maces & Flails
 + Level 13.1 Staves
 - Level 2.0 Throwing
 - Level 3.7 Dodging
 - Level 1.1 Stealth


You had 7 spell levels left.
You didn't know any spells.

Dungeon Overview and Level Annotations

Branches:
Dungeon (6/15)             Temple (1/1) D:5

Altars:
Ashenzari
Cheibriados
Dithmenos
Elyvilon
Fedhas
Gozag
Makhleb
Nemelex Xobeh
Okawaru
Qazlal
Ru
Sif Muna
Trog
Vehumet
Xom
Yredelemnul
Zin


Innate Abilities, Weirdness & Mutations

You reflexively headbutt those who attack you in melee.
You have a pair of horns on your head.


Message History

* * * LOW HITPOINT WARNING * * *
You feel sick. Something hits you but does no damage.
You are more poisoned.
Something hits you but does no damage.
You hit something. You freeze something.
* * * LOW HITPOINT WARNING * * *
You feel very sick. Something hits you but does no damage.
You are more poisoned.
Your plate armour prevents you from hitting something.
* * * LOW HITPOINT WARNING * * *
You feel sick. Something hits you but does no damage.
Something hits you but does no damage.
You are more poisoned.
You miss something.
* * * LOW HITPOINT WARNING * * *
You feel very sick. Something hits you but does no damage.
You whack something! You freeze something. Your headbutt misses something.
You die...

### #.# #.. #.# # #..
#.# #' # #.# # #.# ...
#.##.###.#.# #.# ....
#.....)....# #(# .....
#..## #.#
......####...#########..
.....o{@{...............
......###)......########
..... #...###.# # ....
#..## #.# ... #..# #.#
#' #.#. #.# # #...# #>#
#.#.# #.# #.#


You could see an orc.

Vanquished Creatures
  Pikel (D:5)
  Sigmund (D:4)
  An ogre (D:4)
  An orc warrior (D:6)
  3 centaurs
  A giant frog zombie (D:5)
  3 crimson imps
  4 orc priests
  A giant frog skeleton (D:4)
  4 orc wizards
  An iguana (D:5)
  3 worker ants
  A worker ant zombie (D:6)
  12 adders
  22 orcs
  6 giant cockroaches
  6 goblins
  7 hobgoblins
  6 jackals
  7 kobolds
  6 quokkas
  3 ball pythons
  7 bats
  A giant gecko skeleton (D:5)
  9 giant newts
  2 quokka zombies (D:5)
  7 rats
126 creatures vanquished.

Vanquished Creatures (others)
  A worker ant (D:5)
1 creature vanquished.

Grand Total: 127 creatures vanquished

Notes
Turn   | Place    | Note
--------------------------------------------------------------
     0 | D:1      | septik the Minotaur Gladiator began the quest for the Orb.
     0 | D:1      | Reached XP level 1. HP: 18/18 MP: 0/0
   298 | D:1      | Reached XP level 2. HP: 25/25 MP: 1/1
   471 | D:1      | Reached skill level 4 in Staves
  1176 | D:2      | Reached XP level 3. HP: 27/30 MP: 2/2
  1370 | D:2      | Found a burning altar of Makhleb.
  1646 | D:3      | Reached skill level 5 in Staves
  1763 | D:3      | Reached skill level 1 in Maces & Flails
  1763 | D:3      | Reached XP level 4. HP: 37/37 MP: 3/3
  1789 | D:3      | Reached skill level 6 in Staves
  1838 | D:3      | Reached XP level 5. HP: 34/42 MP: 4/4
  2173 | D:4      | Found a deep blue altar of Sif Muna.
  2324 | D:4      | Reached skill level 7 in Staves
  2377 | D:4      | Reached skill level 1 in Stealth
  2459 | D:4      | Reached XP level 6. HP: 48/50 MP: 5/5
  2931 | D:4      | Reached skill level 8 in Staves
  3066 | D:4      | Noticed Sigmund
  3075 | D:4      | Killed Sigmund
  3075 | D:4      | Reached skill level 9 in Staves
  3075 | D:4      | Reached XP level 7. HP: 48/56 MP: 6/6
  3123 | D:5      | Entered Level 5 of the Dungeon
  3123 | D:5      | Found a staircase to the Ecumenical Temple.
  3131 | D:5      | Noticed Pikel
  3186 | D:4      | Reached skill level 10 in Staves
  3417 | D:5      | Killed Pikel
  3417 | D:5      | Reached skill level 11 in Staves
  3417 | D:5      | Reached XP level 8. HP: 4/62 MP: 7/7
  3791 | D:5      | Found a bloodstained altar of Trog.
  4238 | D:5      | Found a blossoming altar of Fedhas.
  4240 | D:5      | Found a sparkling altar of Nemelex Xobeh.
  4344 | Temple   | Entered the Ecumenical Temple
  4454 | D:4      | Reached skill level 12 in Staves
  4560 | D:5      | Found a radiant altar of Vehumet.
  4562 | D:5      | Found an iron altar of Okawaru.
  5046 | D:5      | Became a worshipper of Warmaster Okawaru
  5171 | D:6      | Reached skill level 13 in Staves
  5195 | D:6      | HP: 3/62 [poisoned by an orc wizard]
  5196 | D:6      | Succumbed to an orc wizard's poison

Vault maps used:
D:1:      onia_arrival_larder, wad_floor_pattern_untrapped
D:2:      nicolae_overflow_crystal_walls
D:3:      minmay_box_of_dots
D:4:      first_bread, lemuel_blue_sif_altar, uniq_sigmund
D:5:      nicolae_overflow_hidden_temple, minmay_temple_entry_purple_smoke,
          trog_three_pillars_becter, uniq_pikel
D:6:      serial_shops, shop
Temple:   temple_eino_lava_12

Action                   |  1- 3 |  4- 6 |  7- 9 || total
-------------------------+-------+-------+-------++-------
Melee: Quarterstaff      |    29 |    90 |    34 ||   153
       Whip              |    64 |       |   137 ||   201
Throw: Throwing net      |       |     2 |     1 ||     3
  Use: Scroll            |     6 |       |     3 ||     9
  Eat: Chunk             |     3 |     4 |     6 ||    13
